 Dungeon Crawl Stone Soup version 0.31-a0-219-g8d62b2e7bb (webtiles) character file.

Game seed: 675890713073925346

2680 senseless the Covert (level 9, -5/55 HPs)
             Began as an Octopode Hunter on July 3, 2023.
             Was a Believer of Hepliaklqana.
             Slain by a +1 spectral quarterstaff (10 damage)
             ... created by Joseph
             ... on level 7 of the Dungeon.
             The game lasted 00:22:41 (6114 turns).

senseless the Covert (Octopode Hunter)              Turns: 6114, Time: 00:22:42

Health: -5/55      AC:  4    Str: 11    XL:     9   Next: 64%
Magic:  0/9        EV: 28    Int: 11    God:    Hepliaklqana [**....]
Gold:   399        SH:  0    Dex: 25    Spells: 8/8 levels left

rFire   + . .        b - +4 falchion (freeze)
rCold   x . .        (no shield)
rNeg    . . .        g - +1 hat
rPois   .            e - amulet of guardian spirit
rElec   .            l - ring of fire
rCorr   .            n - +5 ring of evasion
SInv    .            q - +5 ring of evasion
Will    .....        A - +6 ring of dexterity
Stlth   ++++++       (no ring)
HPRegen 0.29/turn    (no ring)
MPRegen 0.11/turn    (no ring)
                     (no ring)

%: clarity, guardian spirit
@: no status effects
A: reduced essence, almost no armour, amphibious, 8 rings, camouflage 1,
gelatinous body 1, (nimble swimmer 1), tentacles, iridescent scales 1, clarity,
sense surroundings 1
a: Renounce Religion, Recall Ancestor, Ancestor Identity


You were on level 7 of the Dungeon.
You worshipped Hepliaklqana.
Hepliaklqana was pleased with you.
You visited 2 branches of the dungeon, and saw 8 of its levels.
You also visited: Sewer and Ossuary.

You collected 399 gold pieces.

Inventory:

Hand Weapons
 a - a +3 shortbow of electrocution
 b - a +4 falchion of freezing (weapon)
Armour
 g - a +1 hat (worn)
Jewellery
 e - an amulet of guardian spirit (around mantle)
 l - a ring of fire (left tentacle)
 n - a +5 ring of evasion (right tentacle)
 q - a +5 ring of evasion (on tentacle)
 A - a +6 ring of dexterity (on tentacle)
Wands
 j - a wand of quicksilver (9)
 u - a wand of flame (25)
Scrolls
 d - 5 scrolls of poison
 f - 3 scrolls of butterflies
 o - a scroll of vulnerability
 t - 8 scrolls of teleportation
 v - a scroll of fear
 x - a scroll of identify
Potions
 c - 4 potions of brilliance
 h - a potion of lignification
 i - 3 potions of heal wounds
 k - 4 potions of curing
 m - 3 potions of might
 p - a potion of enlightenment
 r - 3 potions of attraction
 s - 2 potions of haste
 w - 3 potions of magic
 z - 2 potions of invisibility


   Skills:
 + Level 6.1 Fighting
 + Level 5.0 Short Blades
 + Level 7.1 Ranged Weapons
 + Level 6.2 Dodging
 + Level 8.4 Stealth


You had 8 spell levels left.
You didn't know any spells.
Your spell library contained the following spells:

 Spells                   Type           Power      Damage    Failure   Level
 Slow                     Hex            0%         N/A       34%         1
 Confusing Touch          Hex            0%         N/A       71%         3
 Hailstorm                Conj/Ice       0%         3d3       71%         3
 Vampiric Draining        Necr           0%         2d6       71%         3
 Ice Form                 Ice/Tmut       0%         N/A       98%         4
 Simulacrum               Ice/Necr       0%         N/A       100%        6


Dungeon Overview and Level Annotations

Branches:
Dungeon (7/15)             Temple (1/1) D:5           Sewer (visited)
Ossuary (visited)

Altars:
Ashenzari
Cheibriados
Dithmenos
Elyvilon
Fedhas
Gozag
Hepliaklqana
Kikubaaqudgha
Makhleb
Nemelex Xobeh
Okawaru
Qazlal
Ru
Sif Muna
Trog
Uskayaw
Vehumet
Xom
Yredelemnul
Zin
The Shining One

Annotations:
D:6 1 runed translucent door, Anon1729's ghost, novice DsGl
D:7 Joseph


Innate Abilities, Weirdness & Mutations

Your life essence is reduced to manifest your ancestor. (-10% HP)
You cannot wear most types of armour.
You are amphibious.
You can wear up to eight rings at the same time.
Your skin changes colour to match your surroundings (Stealth+).
Your rubbery body absorbs attacks. (AC +1, EV +1)
((You are camouflaged when in or above water. (Stealth+)))
You have tentacles for arms and can constrict up to eight enemies at once.
You are partially covered in iridescent scales. (AC +2)
You possess an exceptional clarity of mind.
You passively map a small area around you.


Message History

You now have 383 gold pieces (gained 1).
You now have 384 gold pieces (gained 1).
You now have 385 gold pieces (gained 1).
You now have 396 gold pieces (gained 11).
You now have 397 gold pieces (gained 1).
You now have 398 gold pieces (gained 1).
You now have 399 gold pieces (gained 1).
You open the door.
There is an open door here.
You open the door.
There is an open door here.
You swap places.
There is an open door here.
You open the door.
Found a stone staircase leading up.
There is an open door here.
There is an open door here.
You open the door.
There is an open door here.
You open the door.
Joseph, a Mercenary comes into view.
He is wielding a +1 spectral quarterstaff.
Your +3 shortbow of electrocution stops crackling.
Your +4 falchion of freezing glows with a cold blue light!
b - a +4 falchion of freezing (weapon)
Joseph shouts!
You swap places.
Joseph closely misses you. The +1 spectral quarterstaff hits you!
Nebetia casts a spell at Joseph.
Joseph easily resists.
A +1 spectral quarterstaff comes into view.
There is an open door, spattered with blood here.
You hit Joseph. You freeze Joseph. You grab Joseph.
Joseph is lightly wounded.
You constrict Joseph.
Joseph hits you with a +1 spectral quarterstaff!
The +1 spectral quarterstaff hits you!
Joseph hits you with a +1 spectral quarterstaff!!
* * * LOW HITPOINT WARNING * * *
The +1 spectral quarterstaff hits you!
You die...

.....................#######.....
)†...##############+##.....#....#
..)..#,,, , , #.........#....#
.....# , , +.........#....# .....
##### #..##.....'....#
*#....##..##....##....# ,
#....#...##########+## *
#...(#....# , #...@@R...# * , ,
#....#....# * ,, * ###+###..## *,
,, ,#..# #...# , ,,, #...# , ,
...# * , ...# * ,


You could see the friendly Nebetia the hexer, Joseph (ally target) and a +1
spectral quarterstaff.

Vanquished Creatures
  Eustachio (D:6)
  A water moccasin (D:5)
  3 orc warriors
  3 centaurs
  2 phantoms (D:5)
  3 kobold brigands (Sewer)
  2 elf zombies (Ossuary)
  A bullfrog (D:7)
  4 scorpions
  5 wights (D:7)
  2 howler monkeys (D:7)
  A human zombie (Ossuary)
  3 hounds
  3 orc priests
  A gnoll bouda (D:7)
  2 iguanas
  7 orc wizards
  2 mummies (Ossuary)
  8 adders
  4 gnolls (D:7)
  3 river rats (D:5)
  3 white imps (D:6)
  An ufetubus (D:5)
  5 adder zombies (Ossuary)
  4 worms
  3 dart slugs
  6 orcs
  16 endoplasms
  4 giant cockroaches
  2 hobgoblins
  5 jackals
  14 kobolds
  3 quokkas
  12 ball pythons
  3 bats
  3 frilled lizards
  6 goblins
  13 hobgoblin zombies (Ossuary)
  11 kobold zombies (Ossuary)
  3 orc zombies (Ossuary)
  7 rats
  A rat zombie (Ossuary)
186 creatures vanquished.

Vanquished Creatures (others)
  An ancestor (D:7)
1 creature vanquished.

Grand Total: 187 creatures vanquished

Notes
Turn   | Place    | Note
-------+----------+-------------------------------------------
     0 | D:1      | senseless the Octopode Hunter began the quest for the Orb.
     0 | D:1      | Reached XP level 1. HP: 14/14 MP: 1/1
   122 | D:1      | Reached XP level 2. HP: 19/19 MP: 2/2
   196 | D:1      | Reached skill level 2 in Stealth
   340 | D:1      | Reached XP level 3. HP: 23/25 MP: 3/3
   889 | D:2      | Identified the +1 dagger "Reupauq" {flame, rF+ Will+ Int+8
                  | Dex-4}
   950 | D:2      | Reached XP level 4. HP: 27/30 MP: 4/4
  1177 | D:2      | Reached skill level 3 in Stealth
  1913 | D:3      | Noticed a scorpion
  1924 | D:3      | Killed a scorpion
  1925 | D:3      | Reached XP level 5. HP: 28/36 MP: 5/5
  2132 | D:4      | Reached skill level 4 in Stealth
  2132 | D:4      | Reached XP level 6. HP: 28/42 MP: 4/6
  2260 | D:4      | Found a sand-covered staircase.
  2277 | Ossuary  | Entered an ossuary
  2360 | Ossuary  | Reached skill level 1 in Short Blades
  2431 | Ossuary  | Reached skill level 5 in Ranged Weapons
  2540 | Ossuary  | Reached XP level 7. HP: 24/47 MP: 4/7
  2924 | D:4      | Gained mutation: You passively map a small area around you.
                  | [potion of mutation]
  2924 | D:4      | Gained mutation: You are partially covered in iridescent
                  | scales. (AC +2) [potion of mutation]
  2924 | D:4      | Gained mutation: You possess an exceptional clarity of
                  | mind. [potion of mutation]
  2934 | D:5      | Entered Level 5 of the Dungeon
  2978 | D:5      | Reached skill level 5 in Stealth
  3214 | D:5      | Found a glowing drain.
  3218 | Sewer    | Entered a sewer
  3469 | Sewer    | Reached XP level 8. HP: 23/54 MP: 8/8
  3841 | D:5      | Reached skill level 6 in Stealth
  4123 | D:5      | Found a staircase to the Ecumenical Temple.
  4138 | D:5      | Reached skill level 5 in Dodging
  4148 | Temple   | Entered the Ecumenical Temple
  4616 | Temple   | Became a worshipper of Hepliaklqana the Forgotten
  4961 | D:6      | Found a runed translucent door.
  4961 | D:6      | Noticed Anon1729's ghost (novice DsGl)
  5033 | D:6      | Reached skill level 5 in Fighting
  5138 | D:6      | Reached * piety under Hepliaklqana
  5250 | D:6      | Reached skill level 7 in Stealth
  5383 | D:6      | Noticed Eustachio
  5391 | D:6      | Killed Eustachio
  5392 | D:6      | Reached XP level 9. HP: 54/54 MP: 9/9
  5750 | D:7      | Reached skill level 8 in Stealth
  5908 | D:7      | Reached skill level 5 in Short Blades
  5961 | D:7      | Reached ** piety under Hepliaklqana
  5962 | D:7      | Remembered your ancestor Nebetia as a hexer
  6007 | D:7      | Found an opulent altar of Gozag.
  6111 | D:7      | Noticed Joseph
  6114 | D:7      | Slain by a +1 spectral quarterstaff

Illustrated notes

Levels and vault maps discovered:
D:1:      matt_arrival_refuge, layout_basic, minmay_split_cup_large
D:2:      layout_basic
D:3:      layout_basic
D:4:      layout_rooms, lightli_ossuary_entry_decrepit_ruins
D:5:      layout_cave_pods, minmay_temple_entry_wispy, gup_sewer_entry_spiral,
          kennysheep_generic_room_12
D:6:      layout_gridville, gammafunk_ghost_grave, uniq_eustachio
D:7:      layout_gridville, mainiacjoe_overflow_six_doors_small,
          grunt_gozag_breadcrumbs, minivault_24, uniq_joseph
Temple:   mainiacjoe_temple_big_plus

Skill      XL: |  1  2  3  4  5  6  7  8  9 |
---------------+----------------------------+-----
Stealth        | 2 3 4 5 7 8 |  8.4
Dodging        | 3 4 5 6 |  6.2
Fighting       | 3 4 5 6 |  6.1
Short Blades   | 1 2 4 5 |  5.0
Ranged Weapons | 5 6 7 |  7.1

Action                     |  1- 3 |  4- 6 |  7- 9 || total
---------------------------+-------+-------+-------++-------
  Melee: Hand axe          |     2 |       |       ||     2
         Constrict         |     1 |     1 |     5 ||     7
         Short sword       |       |     4 |    21 ||    25
         Tentacles         |       |       |     7 ||     7
         Falchion          |       |       |     1 ||     1
   Fire: Shortbow          |    84 |   258 |   263 ||   605
 Invoke: Ancestor Life: He |       |       |     1 ||     1
    Use: Scroll            |       |    11 |    14 ||    25
         Potion            |       |       |     1 ||     1
 Armour: Skin              |       |     6 |     4 ||    10
  Dodge: Dodged            |    16 |   115 |    93 ||   224

Table legend: (Time is in decaauts)
 A = Elapsed time spent in this place.
 B = Non-inter-level travel time spent in this place.
 C = Inter-level travel time spent in this place.
 D = Time resting spent in this place.
 E = Time spent auto-exploring this place.
 F = Levels seen in this place.
 G = Mean time per level.
                   A        B        C        D        E       F      G
               +--------+--------+--------+--------+--------+-----+--------+
         Total |   6186 |   6021 |    165 |      2 |   4697 |  10 |  618.6 |
       Dungeon |   4736 |   4600 |    136 |      2 |   3693 |   7 |  676.6 |
        Temple |    498 |    469 |     29 |      0 |    449 |   1 |  498.0 |
         Sewer |    475 |    475 |      0 |      0 |    345 |   1 |  475.0 |
       Ossuary |    476 |    476 |      0 |      0 |    210 |   1 |  476.0 |
               +--------+--------+--------+--------+--------+-----+--------+

Top non-repeatable levels by time:
     D:5: 1022 daAuts
     D:2: 859 daAuts
     D:1: 691 daAuts
     D:6: 690 daAuts
     D:7: 508 daAuts
  Temple: 498 daAuts
     D:4: 492 daAuts
 Ossuary: 476 daAuts
   Sewer: 475 daAuts
     D:3: 472 daAuts
